 Dungeon Crawl Stone Soup version 0.26-a0-690-gcb57259078 (webtiles) character file.

Game seed: 12094952788829499875

212 knot the Skirmisher (level 5, 42/42 HPs)
             Began as a Demonspawn Berserker on Oct 24, 2020.
             Was a Believer of Trog.
             Quit the game on level 3 of the Dungeon.
             The game lasted 00:01:29 (2409 turns).

knot the Skirmisher (Demonspawn Berserker)          Turns: 2409, Time: 00:01:30

Health: 42/42      AC:  4    Str: 18    XL:     5   Next: 58%
Magic:  5/5        EV: 13    Int:  9    God:    Trog [**....]
Gold:   82         SH:  0    Dex: 12    Spells: 4/4 levels left

rFire    . . .     SeeInvis .   a - +0 hand axe
rCold    . . .     Faith    .   (no shield)
rNeg     . . .     Spirit   .   b - +0 animal skin
rPois    .         Reflect  .   (helmet restricted)
rElec    .         Harm     .   (no cloak)
rCorr    .         Rampage  .   (no gloves)
MR       .....                  (no boots)
Stlth    +.........             (no amulet)
HPRegen  0.14/turn              (no ring)
MPRegen  0.09/turn              (no ring)

@: no status effects
A: horns 1, iridescent scales 1
a: Berserk, Trog's Hand, Renounce Religion


You were on level 3 of the Dungeon.
You worshipped Trog.
Trog was pleased with you.
You visited 1 branch of the dungeon, and saw 3 of its levels.

You collected 82 gold pieces.

Inventory:

Hand Weapons
 a - a +0 hand axe (weapon)
Missiles
 f - 45 sling bullets
 m - 51 stones (quivered)
 n - 21 bolts
Armour
 b - a +0 animal skin (worn)
Jewellery
 s - an uncursed amulet of regeneration {unknown}
Scrolls
 c - 4 scrolls of teleportation {unknown}
 d - a scroll of enchant armour {unknown}
 e - a scroll of amnesia {unknown}
 i - 3 scrolls of identify {unknown}
 p - a scroll of immolation {unknown}
 q - a scroll of fear {unknown}
 r - 2 scrolls of remove curse {unknown}
Potions
 g - a potion of brilliance {unknown}
 h - a potion of stabbing
 j - 3 potions of curing
 k - a potion of degeneration {unknown}
 l - a potion of heal wounds {unknown}
 o - 2 potions of flight {unknown}
 t - a potion of might


   Skills:
 + Level 4.1 Fighting
 + Level 3.6 Axes
 + Level 3.0 Armour
 + Level 3.0 Dodging


You had 4 spell levels left.
You didn't know any spells.
Your spell library was empty.

Dungeon Overview and Level Annotations

Branches:
Dungeon (3/15)

Altars:
Gozag


Innate Abilities, Weirdness & Mutations

You have a pair of small horns on your head.
You are partially covered in iridescent scales. (AC +2)


Message History

HP restored.
You see here a ball python corpse.
A bat comes into view.
A bat is nearby!
The bat hits you but does no damage. The bat misses you.
A bat is nearby!
A bat is nearby!
You completely miss the bat. The bat barely misses you.
The bat hits you but does no damage.
You miss the bat. The bat misses you. The bat closely misses you.
The bat misses you.
A ball python comes into view.
The bat hits you but does no damage. The bat barely misses you.
You hit the bat.
You kill the bat!
Trog accepts your kill.
The ball python hisses angrily.
Are you sure you want to abandon this character and quit the game? (Confirm with "yes".)

######################
.............†.....>.#
........############.#
######..# ##.## #.@#
##...## #..# #..#...
#..# #....## ....
#.#.## #.... #.#.#
#..S.# #<#.# #....#
#.#.# #....# ....#
..###


You could see a ball python.

Vanquished Creatures
  Sigmund (D:2)
  An adder (D:2)
  3 dart slugs
  2 leopard geckos (D:1)
  7 hobgoblins
  4 jackals (D:1)
  A ball python (D:3)
  2 bats
  A frilled lizard (D:2)
  4 goblins
  5 kobolds
  9 rats
40 creatures vanquished.

Notes
Turn   | Place    | Note
-------+----------+-------------------------------------------
     0 | D:1      | knot the Demonspawn Berserker began the quest for the Orb.
     0 | D:1      | Reached XP level 1. HP: 18/18 MP: 1/1
   230 | D:1      | Gained mutation: You have a pair of small horns on your
                  | head. [demonic ancestry]
   230 | D:1      | Reached XP level 2. HP: 22/24 MP: 2/2
  1242 | D:1      | Reached XP level 3. HP: 29/29 MP: 3/3
  1588 | D:2      | Reached ** piety under Trog
  1973 | D:2      | Noticed Sigmund
  1986 | D:2      | Killed Sigmund
  1986 | D:2      | Reached skill level 4 in Fighting
  1986 | D:2      | Reached XP level 4. HP: 35/37 MP: 4/4
  1986 | D:2      | Gained mutation: You are partially covered in iridescent
                  | scales. (AC +2) [demonic ancestry]
  1986 | D:2      | Reached XP level 5. HP: 40/42 MP: 5/5
  2050 | D:2      | Found an opulent altar of Gozag.
  2409 | D:3      | Quit the game

Illustrated notes

Levels and vault maps discovered:
D:1:      lightli_arrival_lavapool, layout_loops_ring, minmay_misc_feat_tower
D:2:      layout_loops_cross, old_standard_altar, uniq_sigmund
D:3:      layout_loops_ring

Skill      XL: |  1  2  3 |
---------------+----------+-----
Armour         | 2 3 |  3.0
Dodging        | 2 3 |  3.0
Axes           | 3 |  3.6
Fighting       | 4 |  4.1

Action                   |  1- 3 |  4- 6 || total
-------------------------+-------+-------++-------
Melee: Hand axe          |    92 |    23 ||   115
       Headbutt          |    17 |     3 ||    20
Invok: Berserk           |     3 |       ||     3
       Trog's Hand       |     1 |       ||     1
  Use: Potion            |     3 |       ||     3
 Stab: Sleeping          |     3 |       ||     3
Armor: Animal skin       |    13 |     5 ||    18
Dodge: Dodged            |    49 |    28 ||    77

Table legend: (Time is in decaauts)
 A = Elapsed time spent in this place.
 B = Non-inter-level travel time spent in this place.
 C = Inter-level travel time spent in this place.
 D = Time resting spent in this place.
 E = Time spent auto-exploring this place.
 F = Levels seen in this place.
 G = Mean time per level.
                   A        B        C        D        E       F      G
               +--------+--------+--------+--------+--------+-----+--------+
         Total |   2454 |   2417 |     37 |    497 |   1648 |   3 |  818.0 |
       Dungeon |   2454 |   2417 |     37 |    497 |   1648 |   3 |  818.0 |
               +--------+--------+--------+--------+--------+-----+--------+

Top non-repeatable levels by time:
     D:1: 1603 daAuts
     D:2: 753 daAuts
     D:3: 97 daAuts
